 Seeded DCSS version 0.31-a0-154-g56bf346 (webtiles) character file.

Game seed: 5611939189875719349 (custom seed)

2562 edsrzf the Covert (level 9, -8/43 HPs)
             Began as a Felid Berserker on June 11, 2023.
             Was an Elder of Trog.
             Mangled by a vault guard
             ... wielding a +0 broad axe
              (17 damage)
             ... in a bailey.
             The game lasted 00:17:16 (6329 turns).

edsrzf the Covert (Felid Berserker)                 Turns: 6329, Time: 00:17:16

Health: -8/43      AC:  2    Str: 17    XL:     9   Next: 31%
Magic:  10/10      EV: 18    Int:  8    God:    Trog [****..]
Gold:   420        SH:  0    Dex: 16    Spells: 8/8 levels left
                                        Lives:  0   Deaths: 2

rFire   . .          .
                       - Unarmed
rCold   . . .        (shield unavailable)
rNeg    . . .        (body armour unavailable)
rPois   .            (helmet unavailable)
rElec   .            (cloak unavailable)
rCorr   .            (gloves unavailable)
SInv    +            (boots unavailable)
Will    +++..        (no amulet)
Stlth   +++++        a - ring of willpower
HPRegen 0.27/turn    k - ring of willpower
MPRegen 0.12/turn

%: no passive effects
@: on berserk cooldown, slowed, slow
A: very small, claws 1, fangs 3, see invisible, speed 1, shaggy fur 2, stealthy
paws, no weapons or thrown items, no armour, multi-lived
a: Renounce Religion, Berserk, Trog's Hand, Brothers in Arms


You were in a bailey.
You worshipped Trog.
Trog was greatly pleased with you.
You visited 1 branch of the dungeon, and saw 9 of its levels.
You also visited: Bailey.

You collected 420 gold pieces.

Inventory:

Missiles
 p - 2 throwing nets {=f}
Jewellery
 a - a ring of willpower (left paw)
 k - a ring of willpower (right paw)
Wands
 r - a wand of flame (24)
 s - a wand of polymorph (6)
Scrolls
 c - 2 scrolls of teleportation
 d - 2 scrolls of identify
 e - a scroll of blinking {unknown}
 h - 2 scrolls of fear
 m - 2 scrolls of butterflies
 q - a scroll of brand weapon {unknown}
 v - a scroll of acquirement {unknown}
Potions
 f - 3 potions of haste
 i - a potion of berserk rage {!q}
 n - a potion of lignification
 o - a potion of mutation {!q}
 t - a potion of attraction
 u - 2 potions of ambrosia


   Skills:
 - Level 7.0 Fighting
 - Level 4.0 Dodging
 - Level 11.0 Stealth
 + Level 11.0 Unarmed Combat
 + Level 3.1 Evocations


You had 8 spell levels left.
You didn't know any spells.
Your spell library was empty.

Dungeon Overview and Level Annotations

Branches:
Dungeon (9/15)             Temple (0/1) D:6          Bailey (1/1)
   Lair: D:8-11         Orc: D:9-12

Altars:

Annotations:
D:6 3 runed translucent doors, dontdoit's ghost, novice FeBe
D:7 Prince Ribbit
D:8 exclusion: vampire mosquito


Innate Abilities, Weirdness & Mutations

You have sharp claws.
You have razor-sharp teeth.
You have supernaturally acute eyesight. (SInv)
You cover ground quickly. (Speed+)
You are covered in thick fur. (AC +2)
Your paws help you pounce on unaware monsters.
You are incapable of wielding weapons or throwing items.
You cannot wear armour.
You gain extra lives every three experience levels.


Message History

A vault guard and a bullfrog come into view.
You hear a croak.
The bullfrog gives a loud, deep croak!
The vault guard shouts!
A bullfrog comes into view.
Found a white potion and 17 gold pieces.
Press: ? - help, v - describe, . - travel
Here: a vault guard, wielding a +0 broad axe and wearing a +0 plate armour The floor.
You claw the bullfrog! You bite the bullfrog.
You kill the bullfrog!
Trog accepts your kill.
Your Evocations skill increases to level 3!
You claw the bullfrog!
The bullfrog is heavily wounded.
The bullfrog barely misses you.
You scratch the bullfrog. You bite the bullfrog.
The bullfrog is severely wounded.
The bullfrog misses you.
You claw the bullfrog!
You kill the bullfrog!
Trog accepts your kill.
Trog will now gift you melee weapons as you gain piety.
Your Unarmed Combat skill increases to level 11!
Press: ? - help, v - describe, . - travel
Here: a vault guard, wielding a +0 broad axe and wearing a +0 plate armour An open door.
Aiming: Polymorph
Press: ? - help, Shift-Dir - straight line, f - vault guard
Aim: a vault guard, wielding a +0 broad axe and wearing a +0 plate armour (will become a wolf spider, a quicksilver ooze, or a white draconian, chance to affect: 23%)
Okay, then.
Unknown command.
Okay, then.
There is an open door, spattered with blood here.
You see here a bullfrog corpse.
Aiming: Throw Flame
Press: ? - help, Shift-Dir - straight line, f - vault guard
Aim: a vault guard, wielding a +0 broad axe and wearing a +0 plate armour (71% to hit)
The vault guard is engulfed in a cloud of scalding steam.
Items here: ) [ †††.
Aiming: Throw Flame
Press: ? - help, Shift-Dir - straight line, f/p - vault guard
Aim: a vault guard, wielding a +0 broad axe and wearing a +0 plate armour (steam, 71% to hit)
The puff of flame hits the vault guard.
The vault guard is lightly wounded.
Press: ? - help, v - describe, . - travel
Here: a vault guard, wielding a +0 broad axe and wearing a +0 plate armour (steam, lightly wounded) Some shallow water.
Okay, then.
The vault guard is engulfed in a cloud of scalding steam.
There is an open door, spattered with blood here.
Items here: ))) [[[ †††.
There is an open door here.
You enter the shallow water.
Moving in this stuff is going to be slow.
There is an open door, spattered with blood here.
A red film seems to cover your vision as you go berserk!
You feel yourself moving faster!
You feel mighty! Trog will no longer gift you weapons.
You feel a strong urge to attack something.
You scratch the vault guard.
The vault guard is lightly wounded.
You mangle the vault guard!! Your bite misses the vault guard.
The vault guard is moderately wounded.
The vault guard completely misses you.
You scratch the vault guard but do no damage.
Your claw misses the vault guard.
The vault guard is moderately wounded.
You scratch the vault guard but do no damage.
The vault guard is moderately wounded.
The vault guard splashes around in the water.
You scratch the vault guard.
The vault guard is moderately wounded.
You scratch the vault guard.
The vault guard is heavily wounded.
The vault guard hits you with a +0 broad axe!
You closely miss the vault guard.
The vault guard is heavily wounded.
The vault guard hits you with a +0 broad axe!
You scratch the vault guard.
The vault guard is heavily wounded.
You closely miss the vault guard.
The vault guard is heavily wounded.
The vault guard hits you with a +0 broad axe!
You scratch the vault guard but do no damage.
The vault guard is heavily wounded.
You barely miss the vault guard.
The vault guard is heavily wounded.
You barely miss the vault guard.
The vault guard is heavily wounded.
The vault guard hits you with a +0 broad axe!!
* * * LOW HITPOINT WARNING * * *
You claw the vault guard!
The vault guard is severely wounded.
You closely miss the vault guard.
The vault guard is severely wounded.
You are no longer berserk.
You are exhausted.
You feel yourself slow down.
The vault guard hits you with a +0 broad axe!
You die...

##### ##...##
#.....# #.∩.?.#
######.....#
##....##...####
##......#)#@#~~##
#....#....#~p~~~#
#..####...#~~~~~#
#.)...#p..#~~~~~#
#.))..#...##~~~##
###†###..####'###
#≈~..≈#..)......#
#≈~..≈####......#
####≈~.≈##≈##.....#


You could see a vault guard.

Vanquished Creatures
  Pikel (D:6)
  Grinder (D:6)
  3 humans (Bailey)
  A water moccasin (D:8)
  2 sky beasts (D:6)
  A black bear (D:5)
  2 ice beasts
  3 orc warriors
  3 ogres
  A centaur (D:5)
  3 lemures (D:6)
  A phantom (D:4)
  17 bullfrogs
  2 kobold brigands
  2 scorpions (D:8)
  2 killer bees (D:7)
  A howler monkey (D:6)
  2 hounds (D:6)
  4 orc priests
  4 iguanas
  2 sleepcaps (D:6)
  2 orc wizards
  7 adders
  9 gnolls
  A worm (D:3)
  A dart slug (D:1)
  33 orcs
  5 bats
  7 endoplasms
  3 giant cockroaches
  10 goblins
  5 hobgoblins
  8 jackals
  14 kobolds
  3 quokkas
  4 ball pythons (D:1)
  5 frilled lizards
  10 rats
185 creatures vanquished.

Notes
Turn   | Place    | Note
-------+----------+-------------------------------------------
     0 | D:1      | edsrzf the Felid Berserker began the quest for the Orb.
     0 | D:1      | Reached XP level 1. HP: 10/10 MP: 2/2
    65 | D:1      | Reached skill level 1 in Stealth
   224 | D:1      | Reached XP level 2. HP: 14/14 MP: 3/3
   278 | D:1      | Reached skill level 2 in Stealth
   364 | D:1      | Found a faded altar of an unknown god.
   650 | D:1      | Reached XP level 3. HP: 17/17 MP: 4/4
   900 | D:2      | Reached skill level 3 in Stealth
   941 | D:2      | Reached ** piety under Trog
  1085 | D:3      | Reached skill level 4 in Unarmed Combat
  1203 | D:3      | Reached XP level 4. HP: 21/21 MP: 5/5
  1209 | D:3      | Reached skill level 4 in Stealth
  1683 | D:3      | Reached XP level 5. HP: 24/24 MP: 6/6
  2002 | D:4      | Reached skill level 5 in Stealth
  2083 | D:4      | Noticed a phantom
  2086 | D:4      | Killed a phantom
  2087 | D:4      | Reached skill level 5 in Unarmed Combat
  2528 | D:4      | Reached skill level 6 in Stealth
  2528 | D:4      | Gained mutation: You are covered in thick fur. (AC +2)
                  | [Felid growth]
  2528 | D:4      | Reached XP level 6. HP: 27/28 MP: 7/7
  2637 | D:4      | Reached *** piety under Trog
  2942 | D:5      | Entered Level 5 of the Dungeon
  3027 | D:5      | Identified the +0 ring mail of the Minstrel {rCorr Int+3}
  3155 | D:5      | Reached skill level 7 in Stealth
  3155 | D:5      | Reached skill level 6 in Unarmed Combat
  3155 | D:5      | Reached XP level 7. HP: 26/31 MP: 8/8
  3526 | D:5      | Reached skill level 8 in Stealth
  3879 | D:6      | Reached skill level 9 in Stealth
  3879 | D:6      | Reached skill level 7 in Unarmed Combat
  3887 | D:6      | Reached XP level 8. HP: 34/34 MP: 9/9
  3892 | D:6      | Noticed Pikel
  3915 | D:6      | Killed Pikel
  3916 | D:6      | Reached skill level 10 in Stealth
  3916 | D:6      | Reached skill level 8 in Unarmed Combat
  4063 | D:6      | Reached skill level 11 in Stealth
  4166 | D:6      | Noticed Grinder
  4180 | D:6      | Killed Grinder
  4194 | D:6      | Found a staircase to the Ecumenical Temple.
  4279 | D:6      | Found a runed translucent gate.
  4279 | D:6      | Found a runed translucent gate.
  4283 | D:6      | Noticed dontdoit's ghost (novice FeBe)
  4287 | D:6      | Found a runed translucent gate.
  4364 | D:6      | Reached skill level 4 in Fighting
  4364 | D:6      | Reached XP level 9. HP: 39/39 MP: 10/10
  4605 | D:6      | Reached skill level 9 in Unarmed Combat
  4906 | D:7      | Reached skill level 5 in Fighting
  4916 | D:7      | Identified 3 potions of degeneration
  4917 | D:7      | Identified 2 potions of curing
  4919 | D:7      | Identified 8 scrolls of identify
  4919 | D:7      | Identified a potion of berserk rage
  4920 | D:7      | Identified 4 scrolls of fear
  5072 | D:8      | HP: 2/60 [gnoll/+0 club (5)]
  5073 | D:8      | Succumbed to a water moccasin's poison
  5074 | D:8      | Reached XP level 8. HP: 0/37 MP: 9/9
  5231 | D:7      | Noticed Prince Ribbit
  5237 | D:7      | Slain by Prince Ribbit
  5238 | D:7      | Reached XP level 7. HP: -4/33 MP: 8/8
  5337 | D:8      | Reached **** piety under Trog
  5638 | D:8      | Noticed a yak
  5639 | D:8      | Noticed a yak
  5639 | D:8      | Noticed a yak
  5639 | D:8      | Noticed a yak
  5639 | D:8      | Noticed a yak
  5673 | D:8      | Reached skill level 6 in Fighting
  5673 | D:8      | Reached XP level 8. HP: 38/38 MP: 9/9
  5677 | D:8      | Reached skill level 10 in Unarmed Combat
  5969 | D:9      | Identified a potion of heal wounds
  5970 | D:9      | Identified a potion of lignification
  5971 | D:9      | Identified a potion of mutation
  5972 | D:9      | Identified a potion of attraction
  5973 | D:9      | Identified 2 potions of ambrosia
  5974 | D:9      | Identified 3 scrolls of teleportation
  5975 | D:9      | Identified 4 scrolls of enchant armour
  5976 | D:9      | Identified 3 scrolls of butterflies
  5977 | D:9      | Identified 2 scrolls of amnesia
  5978 | D:9      | Found a flagged portal.
  5985 | Bailey   | Entered a bailey
  6111 | Bailey   | Reached skill level 7 in Fighting
  6131 | Bailey   | Reached skill level 1 in Evocations
  6151 | Bailey   | Reached XP level 9. HP: 43/43 MP: 10/10
  6153 | Bailey   | Reached skill level 2 in Evocations
  6255 | Bailey   | Noticed a vault guard
  6263 | Bailey   | Noticed a vault guard
  6266 | Bailey   | Reached skill level 3 in Evocations
  6268 | Bailey   | Reached ***** piety under Trog
  6269 | Bailey   | Reached skill level 11 in Unarmed Combat
  6329 | Bailey   | Mangled by a vault guard

Illustrated notes

Levels and vault maps discovered:
D:1:      heliophobic_arrival_henge, layout_rooms, shapermc_ecumenical_altar_gd,
          serial_bayou_pond_d
D:2:      layout_rooms
D:3:      layout_basic, kennysheep_generic_room_4
D:4:      layout_loops_corners, lexackson_kobold_supper
D:5:      layout_rooms
D:6:      layout_loops_ring, temple_hall, gammafunk_ghost_nasty_kobolds,
          serial_glass, glass_columns_a, glass_columns_a, uniq_pikel,
          uniq_grinder
D:7:      layout_loops_ring, serial_shops, nicolae_shop_industrial_runoff,
          sword_in_stone, uniq_prince_ribbit1
D:8:      layout_cave_pools, grunt_lair_entry_orc_guard_hut, special_room
          [special_room_orc], minmay_misc_feat_secret_circle
D:9:      layout_small_grid, grunt_temple_overflow_open, enter_bailey_3,
          minivault_27
Bailey:   bailey_axe_froggy_fort_hellmonk, bailey

Skill      XL: |  1  2  3  4  5  6  7  8  9 |
---------------+----------------------------+-----
Stealth        | 1 2 3 4 6 7 9 11 | 11.0
Unarmed Combat | 4 5 6 7 10 11 | 11.0
Fighting       | 6 7 5 |  7.0
Evocations     | 1 3 |  3.1
Dodging        | |  4.0

Action                     |  1- 3 |  4- 6 |  7- 9 || total
---------------------------+-------+-------+-------++-------
  Melee: Unarmed           |    75 |    93 |   340 ||   508
         Bite              |     7 |     4 |    20 ||    31
         Punch             |     1 |     2 |     8 ||    11
 Invoke: Berserk           |     2 |     2 |     6 ||    10
         Trog's Hand       |       |       |     1 ||     1
  Evoke: Wand              |       |       |    10 ||    10
    Use: Scroll            |       |       |    12 ||    12
         Potion            |       |       |     4 ||     4
   Stab: Sleeping          |     4 |     7 |    15 ||    26
         Distracted        |       |     1 |     2 ||     3
 Armour: Skin              |     1 |     1 |    16 ||    18
  Dodge: Dodged            |    43 |    68 |   225 ||   336

Table legend: (Time is in decaauts)
 A = Elapsed time spent in this place.
 B = Non-inter-level travel time spent in this place.
 C = Inter-level travel time spent in this place.
 D = Time resting spent in this place.
 E = Time spent auto-exploring this place.
 F = Levels seen in this place.
 G = Mean time per level.
                   A        B        C        D        E       F      G
               +--------+--------+--------+--------+--------+-----+--------+
         Total |   5475 |   5280 |    195 |   1225 |   2566 |  10 |  547.5 |
       Dungeon |   5165 |   4970 |    195 |   1071 |   2556 |   9 |  573.9 |
        Bailey |    310 |    310 |      0 |    154 |      9 |   1 |  310.0 |
               +--------+--------+--------+--------+--------+-----+--------+

Top non-repeatable levels by time:
     D:6: 1024 daAuts
     D:4: 894 daAuts
     D:3: 715 daAuts
     D:8: 664 daAuts
     D:1: 616 daAuts
     D:5: 522 daAuts
     D:7: 423 daAuts
  Bailey: 310 daAuts
     D:2: 288 daAuts
     D:9: 16 daAuts
